 Dungeon Crawl Stone Soup version 0.20.1-1-g8b1a95d (webtiles) character file.

12212 QuCean the Cleaver (level 11, -8/97 HPs)
             Began as a Minotaur Fighter on Oct 13, 2017.
             Was a High Priest of Okawaru.
             Mangled by Sonja
             ... wielding a +1 short sword of venom
              (12 damage)
             ... on level 2 of the Lair of Beasts.
             The game lasted 00:46:51 (10995 turns).

QuCean the Cleaver (Minotaur Fighter)              Turns: 10995, Time: 00:46:52

Health: -8/97      AC:  0    Str: 23    XL:     11   Next: 59%
Magic:  12/13      EV: 26    Int:  5    God:    Okawaru [*****.]
Gold:   348        SH:  0    Dex: 16    Spells: 10/10 levels left

rFire    . . .     SeeInvis .     - Unarmed
rCold    . . .     Gourm    .   (shield currently unavailable)
rNeg     . . .     Faith    .   (armour currently unavailable)
rPois    .         Spirit   .   (helmet currently unavailable)
rElec    .         Reflect  .   (cloak currently unavailable)
rCorr    .         Harm     .   (gloves currently unavailable)
MR       .....                  (boots currently unavailable)
Stlth    +++.......             (no amulet)
Regen    0.3/turn               (ring currently unavailable)
MPRegen  0.2/turn               (ring currently unavailable)

@: lethally poisoned (-8 -> -55), bat-form, heroism, flying, slowed, quick
A: (retaliatory headbutt)
a: Heroism, Finesse, Renounce Religion


You were on level 2 of the Lair of Beasts.
You worshipped Okawaru.
Okawaru was extremely pleased with you.
You were not hungry.
You were in bat-form.
You visited 3 branches of the dungeon, and saw 11 of its levels.
You also visited: Labyrinth.

You collected 348 gold pieces.

Inventory:

Hand Weapons
 N - the +1 war axe "Peal Kiz" (melded) {flame, +Fly MR+ Int+2}
   (You found it on level 8 of the Dungeon)

   It has been specially enchanted to burn those struck by it, causing extra
   injury to most foes and up to half again as much damage against particularly
   susceptible opponents.
   Big, fiery blades are also staple armaments of hydra-hunters.
   It affects your intelligence (+2).
   It affects your resistance to hostile enchantments.
   It lets you fly.
Armour
 h - a +2 pair of boots (melded)
 C - the scarf of Okawaru (melded) {MR- Dex+5 SInv}
   (Okawaru gifted it to you on level 1 of the Lair of Beasts)

   It affects your dexterity (+5).
   It affects your resistance to hostile enchantments.
   It lets you see invisible.
 G - a +0 pair of gloves (melded)
 I - a +0 shield (melded)
 Y - a +3 plate armour of fire resistance (melded)
Jewellery
 z - a ring of protection from magic (melded)
 O - a +2 ring of intelligence
 S - the ring "Xuckell" (melded) {Str+2 Int+3}
   (You found it in a labyrinth)

   [ring of strength]

   It affects your strength (+2).
   It affects your intelligence (+3).
Wands
 p - a wand of flame (44/48)
 A - a wand of flame (26/48)
 D - a wand of paralysis (9/24)
 J - a wand of random effects (33/48)
 W - a wand of iceblast (7/15)
Scrolls
 b - a scroll of identify
 c - a scroll of noise {unknown}
 i - 5 scrolls of teleportation
 j - 3 scrolls of recharging
 l - 2 scrolls of immolation
 m - 6 scrolls of remove curse
 o - a scroll of blinking {unknown}
 r - a scroll of fear
 s - 2 scrolls of fog {unknown}
 w - a scroll of enchant armour {unknown}
 E - 2 scrolls of enchant weapon
 F - a scroll of magic mapping {unknown}
 K - a scroll of amnesia {unknown}
Potions
 d - 4 potions of might
 e - a potion of berserk rage {unknown}
 k - a potion of flight {unknown}
 q - 3 potions of heal wounds
 t - 3 potions of haste
 u - a potion of agility {unknown}
 x - a potion of magic {unknown}
 H - 2 potions of curing
 M - a potion of resistance {unknown}
Books
 v - a Young Poisoner's Handbook

   Spells                             Type                      Level
   a - Sting                          Conjuration/Poison           1
   b - Poisonous Vapours              Poison/Air                   2
   c - Mephitic Cloud                 Conjuration/Poison/Air       3
   d - Olgreb's Toxic Radiance        Poison                       4
   e - Venom Bolt                     Conjuration/Poison           5
 y - a book of Minor Magic

   Spells                             Type                      Level
   a - Magic Dart                     Conjuration                  1
   b - Blink                          Translocation                2
   c - Call Imp                       Summoning                    2
   d - Slow                           Hexes                        2
   e - Conjure Flame                  Conjuration/Fire             3
   f - Mephitic Cloud                 Conjuration/Poison/Air       3
 T - a book of the Earth

   Spells                             Type                      Level
   a - Leda's Liquefaction            Hexes/Earth                  4
   b - Bolt of Magma                  Conjuration/Fire/Earth       5
   c - Statue Form                    Transmutation/Earth          6
   d - Iron Shot                      Conjuration/Earth            6
   e - Shatter                        Earth                        9
 U - a book of Enchantments

   Spells                             Type                      Level
   a - Cause Fear                     Hexes                        4
   b - Yara's Violent Unravelling     Hexes/Transmutation          5
   c - Silence                        Hexes/Air                    5
   d - Deflect Missiles               Charms/Air                   6
   e - Discord                        Hexes                        8
Comestibles
 a - 5 fruits
 f - a bread ration
 B - 6 meat rations
 P - a royal jelly


   Skills:
 + Level 9.5(14.5) Fighting
 + Level 13.4(18.4) Axes
 + Level 10.2(15.2) Armour
 + Level 2.2(7.2) Dodging
 + Level 0.8(5.8) Stealth
 + Level 10.9(15.9) Shields
 + Level 4.0 Invocations


You had 10 spell levels left.
You didn't know any spells.

Dungeon Overview and Level Annotations

Branches:
Dungeon (8/15)             Temple (1/1) D:4            Lair (2/6) D:8
  Swamp: Lair:2-4    Shoals: Lair:2-4     Snake: Lair:2-4    Spider: Lair:2-4

Altars:
Ashenzari
Cheibriados
Dithmenos
Elyvilon
Fedhas
Gozag
Hepliaklqana
Kikubaaqudgha
Makhleb
Okawaru
Qazlal
Ru
Trog
Vehumet
Xom
Yredelemnul
Zin
The Shining One

Shops:
D:6 *   D:8 !

Annotations:
Lair:2 Sonja


Innate Abilities, Weirdness & Mutations

((You reflexively headbutt those who attack you in melee.))
((You have a pair of horns on your head.))


Message History

You feel sick.
Sonja hits you with an uncursed short sword of venom!
* * * LOW HITPOINT WARNING * * *
You are lethally poisoned!
Sonja hits you with an uncursed short sword of venom.
* * * LOW HITPOINT WARNING * * *
You are more poisoned.
Sonja completely misses you.
Sonja says, "I'm academy-trained, you know."
Sonja hits you with an uncursed short sword of venom!
* * * LOW HITPOINT WARNING * * *
You are more poisoned.
Sonja closely misses you. Sonja misses you.
You miss Sonja.
Sonja is heavily wounded.
* * * LOW HITPOINT WARNING * * *
You feel very sick.
Sonja says, "I'm academy-trained, you know."
Sonja hits you with an uncursed short sword of venom!
You die...

## #######K#####
##P..#.##b##.### #
#####..............#
####.#.#..............#
......................#
...........#(####.....#
....<.....P### ##....#
..........## #....#
.#.###.##.# #.....#
#..# ####.# #....##


You could see Sonja.

Vanquished Creatures
  A minotaur (Lab)
  A hydra (Lair:1)
  A two-headed ogre (D:8)
  4 spiny frogs (Lair:1)
  3 komodo dragons
  The ghost of Gargoyl the Skirmisher, an amateur MiAK of Lugonu (D:7)
  2 minotaur zombies (Lab)
  4 blink frogs (Lair:1)
  2 hippogriffs (Lair:1)
  2 redbacks (Lab)
  16 yaks (Lair:1)
  A vampire (D:8)
  A wyvern (D:8)
  A hungry ghost (Lab)
  A water moccasin (D:7)
  2 sky beasts
  3 porcupines (Lair:1)
  3 phantoms
  An ice beast (D:5)
  A necrophage (D:8)
  3 ogres (D:4)
  3 wolves (Lair:1)
  2 crocodiles
  2 centaurs (D:7)
  3 big kobolds
  3 bullfrogs (Lair:1)
  An earth elemental (Lab)
  A scorpion (D:6)
  A howler monkey (D:7)
  3 crimson imps
  A jelly (D:8)
  5 hounds
  3 orc wizards
  An orc priest (D:4)
  A gnoll shaman (D:5)
  2 centaur skeletons (D:8)
  3 iguanas
  A worker ant (D:7)
  2 hound zombies
  19 gnolls
  7 adders
  2 shadow imps
  2 adder skeletons (D:7)
  An adder zombie (D:7)
  6 worms
  8 dart slugs (D:3)
  5 leopard geckos
  15 orcs
  2 ball pythons
  8 giant cockroaches
  6 goblins
  13 hobgoblins
  10 jackals
  20 kobolds
  4 quokkas
  7 bats
  12 frilled lizards
  A leopard gecko skeleton (D:4)
  10 rats
  A fungus (Lair:1)
251 creatures vanquished.

Vanquished Creatures (others)
  A fungus (Lair:1)
  A plant (Lair:1)
2 creatures vanquished.

Grand Total: 253 creatures vanquished

Notes
Turn   | Place    | Note
-------+----------+-------------------------------------------
     0 | D:1      | QuCean the Minotaur Fighter began the quest for the Orb.
     0 | D:1      | Reached XP level 1. HP: 19/19 MP: 0/0
   158 | D:1      | Reached XP level 2. HP: 27/27 MP: 1/1
   625 | D:1      | Reached skill level 3 in Axes
   625 | D:1      | Reached XP level 3. HP: 33/33 MP: 2/2
  1067 | D:2      | Reached XP level 4. HP: 41/41 MP: 3/3
  1233 | D:2      | Found a hazy altar of Hepliaklqana.
  1627 | D:2      | Found a snail-covered altar of Cheibriados.
  1767 | D:3      | Reached skill level 4 in Axes
  1921 | D:3      | Reached XP level 5. HP: 47/47 MP: 4/4
  2553 | D:4      | Found a staircase to the Ecumenical Temple.
  2563 | Temple   | Entered the Ecumenical Temple
  2635 | Temple   | Became a worshipper of Warmaster Okawaru
  2687 | D:4      | Noticed an ogre
  2689 | D:4      | Noticed an ogre
  2693 | D:4      | Killed an ogre
  2693 | D:4      | Reached skill level 5 in Axes
  2696 | D:4      | Killed an ogre
  2696 | D:4      | Reached * piety under Okawaru
  2696 | D:4      | Reached skill level 5 in Shields
  2696 | D:4      | Reached XP level 6. HP: 41/53 MP: 5/5
  3019 | D:4      | Found a sacrificial altar of Ru.
  3069 | D:4      | Reached skill level 6 in Axes
  3347 | D:4      | Found a shadowy altar of Dithmenos.
  3426 | D:4      | Reached skill level 5 in Fighting
  3426 | D:4      | Reached XP level 7. HP: 42/61 MP: 3/6
  3429 | D:4      | Reached skill level 5 in Armour
  3525 | D:5      | Entered Level 5 of the Dungeon
  3635 | D:5      | Reached skill level 1 in Dodging
  3865 | D:5      | Reached skill level 1 in Invocations
  3875 | D:5      | Reached skill level 7 in Axes
  4288 | D:5      | Reached XP level 8. HP: 69/69 MP: 7/7
  4757 | D:6      | Found Pitwibes's General Store.
  4892 | D:6      | Reached skill level 8 in Axes
  5590 | D:7      | Found a basalt altar of Yredelemnul.
  5617 | D:7      | Reached ** piety under Okawaru
  5617 | D:7      | Reached skill level 9 in Axes
  5627 | D:7      | Found a stormy altar of Qazlal.
  5692 | D:7      | Noticed Gargoyl's ghost (amateur MiAK)
  5715 | D:7      | Killed Gargoyl's ghost
  5718 | D:7      | Reached XP level 9. HP: 65/77 MP: 5/9
  6451 | D:7      | You fall through a shaft!
  6573 | D:8      | Found a shimmering altar of Xom.
  6616 | D:8      | Found a staircase to the Lair.
  6667 | D:8      | HP: 1/78 [something (6)]
  7147 | D:8      | Reached skill level 10 in Axes
  7192 | D:8      | Found a glowing golden altar of the Shining One.
  7274 | D:8      | Noticed a two-headed ogre
  7282 | D:8      | Killed a two-headed ogre
  7282 | D:8      | Reached *** piety under Okawaru
  7318 | D:8      | Found Colucut's Distillery.
  7341 | D:8      | Got a fine war axe
  7342 | D:8      | Identified the +1 war axe "Peal Kiz" {flame, +Fly MR+ Int+2} (You found it on level 8 of the Dungeon)
  7797 | Lair:1   | Entered Level 1 of the Lair of Beasts
  7797 | Lair:1   | Noticed a five-headed hydra
  7798 | Lair:1   | Noticed a spiny frog
  7809 | Lair:1   | Killed a one-headed hydra
  7809 | Lair:1   | Reached **** piety under Okawaru
  7809 | Lair:1   | Reached skill level 11 in Axes
  7809 | Lair:1   | Reached XP level 10. HP: 61/86 MP: 7/11
  7810 | Lair:1   | Killed a spiny frog
  7994 | Lair:1   | Noticed a spiny frog
  8004 | Lair:1   | Killed a spiny frog
  8014 | Lair:1   | Reached ***** piety under Okawaru
  8014 | Lair:1   | Reached skill level 10 in Shields
  8058 | Lair:1   | Reached skill level 12 in Axes
  8225 | Lair:1   | Noticed a spiny frog
  8255 | Lair:1   | Reached XP level 11. HP: 69/95 MP: 2/12
  8310 | Lair:1   | Found a labyrinth entrance.
  8324 | Lab      | Entered a labyrinth
  9608 | Lab      | Noticed a minotaur
  9618 | Lab      | Killed a minotaur
  9618 | Lab      | Received a gift from Okawaru
  9877 | Lab      | Reached skill level 13 in Axes
  9997 | Lab      | Got a warped wooden ring
 10050 | Lair:1   | Identified the ring "Xuckell" {Str+2 Int+3} (You found it in a labyrinth)
 10099 | Lair:1   | Reached skill level 10 in Armour
 10549 | Lair:1   | Received a gift from Okawaru
 10552 | Lair:1   | Got a steaming scarf {god gift}
 10558 | Lair:1   | Identified the scarf of Okawaru {MR- Dex+5 SInv} (Okawaru gifted it to you on level 1 of the Lair of Beasts)
 10970 | Lair:2   | Noticed Sonja
 10995 | Lair:2   | HP: 4/97 [poisoned by Sonja]
 10995 | Lair:2   | Mangled by Sonja

Skill      XL: |  1  2  3  4  5  6  7  8  9 10 11 |
---------------+----------------------------------+-----
Fighting       | 4 5 6 7 8 9 |  9.5
Shields        | 4 5 6 7 9 10 | 10.9
Axes           | 3 4 5 6 7 9 11 12 13 | 13.4
Armour         | 4 5 6 8 9 10 | 10.2
Dodging        | 1 2 |  2.2
Invocations    | 1 2 3 4 |  4.0
Stealth        | |  0.8

Action                   |  1- 3 |  4- 6 |  7- 9 | 10-12 || total
-------------------------+-------+-------+-------+-------++-------
Melee: War axe           |   106 |    16 |    18 |   175 ||   315
       Headbutt          |    12 |    26 |    67 |    44 ||   149
       Hand axe          |       |   126 |   328 |       ||   454
       Unarmed           |       |       |       |     7 ||     7
Invok: Heroism           |       |     3 |    22 |    17 ||    42
       Finesse           |       |       |       |     1 ||     1
  Use: Scroll            |       |     4 |     1 |     6 ||    11
  Eat: Chunk             |     1 |     5 |     1 |       ||     7
       Fruit             |       |     1 |       |       ||     1
       Bread ration      |       |     1 |     2 |     3 ||     6
       Royal jelly       |       |       |     2 |       ||     2
Armor: Scale mail        |    51 |       |       |       ||    51
       Plate armour      |    22 |    69 |   155 |    81 ||   327
Dodge: Dodged            |    40 |    20 |    61 |    66 ||   187
Block: Shield            |    66 |    80 |   177 |   108 ||   431
